 Dungeon Crawl Stone Soup version 0.29.1-13-g9f3cf754e1 (webtiles) character file.

Game seed: 11449902956480296443

78 KamiKatze the Shield-Bearer (level 4, -2/29 HPs)
             Began as a Gargoyle Fighter on Feb 11, 2023.
             Slain by a gnoll
             ... wielding a +0 club
              (4 damage)
             ... on level 2 of the Dungeon.
             The game lasted 00:03:03 (871 turns).

KamiKatze the Shield-Bearer (Gargoyle Fighter)       Turns: 871, Time: 00:03:03

Health: -2/29      AC: 10    Str: 21    XL:     4   Next: 36%
Magic:  4/4        EV:  9    Int:  9    God:
Gold:   43         SH:  4    Dex:  9    Spells: 3/3 levels left

rFire   . . .      SeeInvis .   a - +0 war axe
rCold   . . .      Faith    .   c - +0 buckler
rNeg    + . .      Spirit   .   b - +0 scale mail
rPois   ∞          Reflect  .   (no helmet)
rElec   +          Harm     .   (no cloak)
rCorr   .          Rampage  .   (no gloves)
Will    .....                   (no boots)
Stlth   ..........              (no amulet)
HPRegen 0.09/turn               (no ring)
MPRegen 0.09/turn               (no ring)

@: no status effects
A: sickness immunity, AC +3, negative energy resistance 1, electricity
resistance, torment resistance 1, petrification resistance
a: no special abilities


You were on level 2 of the Dungeon.
You visited 1 branch of the dungeon, and saw 3 of its levels.

You collected 43 gold pieces.

Inventory:

Hand Weapons
 a - a +0 war axe (weapon)
Armour
 b - a +0 scale mail (worn)
 c - a +0 buckler (worn)
 g - a +0 plate armour
Scrolls
 e - 3 scrolls of teleportation {unknown}
 f - a scroll of identify {unknown}
 h - 2 scrolls of acquirement {unknown}
 i - a scroll of noise {unknown}
 k - a scroll of immolation {unknown}
Potions
 d - a potion of might
 j - a potion of heal wounds {unknown}


   Skills:
 + Level 4.0 Fighting
 * Level 3.1 Axes
 - Level 3.2 Armour
 - Level 4.0 Shields


You had 3 spell levels left.
You didn't know any spells.
Your spell library contained the following spells:

 Spells                   Type           Power      Damage    Failure   Level
 Foxfire                  Conj/Fire      0%         2x1d4     82%         1
 Conjure Flame            Conj/Fire      0%         6-21      99%         3
 Inner Flame              Hex/Fire       0%         N/A       99%         3
 Flame Wave               Conj/Fire      0%         2d4       100%        4


Dungeon Overview and Level Annotations

Branches:
Dungeon (3/15)

Altars:


Innate Abilities, Weirdness & Mutations

You are immune to sickness and miasma.
Your stone body is resilient. (AC +3)
You are immune to poison.
You resist negative energy. (rN+)
You are resistant to electric shocks. (rElec)
You are resistant to unholy torment.
You are immune to petrification.


Message History

Unknown command.
You slash the jelly!
Your hands burn!
* * * LOW HITPOINT WARNING * * *
The jelly is severely wounded.
You barely miss the gnoll. The jelly closely misses you.
The gnoll hits you but does no damage. The jelly hits you but does no damage.
Unknown command.
You slash the jelly!
You kill the jelly!
You barely miss the gnoll. The gnoll hits you but does no damage.
The gnoll closely misses you.
Your Axes skill increases to level 3!
You have reached level 4!
You feel clever.
You hit the gnoll but do no damage.
The gnoll is severely wounded.
You block the gnoll's attack.
You barely miss the gnoll.
The gnoll is severely wounded.
The gnoll hits you but does no damage. x2
You slash the gnoll!
You kill the gnoll!
Your Fighting skill increases to level 4!
You start resting.
A gnoll comes into view. It is wielding a +0 club.
Okay, then.
The gnoll shouts!
You hear a shout!
A gnoll comes into view. It is wielding a +0 spear.
You hit the gnoll but do no damage.
A gnoll comes into view. It is wielding a +0 spear.
The gnoll hits you with a +0 club.
* * * LOW HITPOINT WARNING * * *
The gnoll closely misses you.
You climb upwards.
There is a stone staircase leading down here.
The gnoll attacks as you move away! The gnoll hits you with a +0 club.
* * * LOW HITPOINT WARNING * * *
Found 13 gold pieces.
The gnoll hits you with a +0 club.
You die...

#.. #..... #..# #......
..#####..# .....$.
..#....... .......
....(.#..##.......
.................
#.....#........
##...g.@....... ........
#..)..g.#......
..#...###...>.#........
...........###.###.#####
............##.## .#
................# #
....#...##.##.#..#
........##..#.##.###.
........##..........#


You could see 2 gnolls.

Vanquished Creatures
  A jelly (D:3)
  2 gnolls
  2 ball pythons (D:1)
  2 bats (D:1)
  5 endoplasms
  A giant cockroach (D:2)
  A hobgoblin (D:1)
  7 jackals (D:1)
  3 frilled lizards
  2 goblins (D:1)
  A rat (D:1)
27 creatures vanquished.

Notes
Turn   | Place    | Note
-------+----------+-------------------------------------------
     0 | D:1      | KamiKatze the Gargoyle Fighter began the quest for the Orb.
     0 | D:1      | Reached XP level 1. HP: 14/14 MP: 1/1
   143 | D:1      | Reached XP level 2. HP: 14/19 MP: 2/2
   442 | D:1      | Found a faded altar of an unknown god.
   668 | D:1      | Reached XP level 3. HP: 23/23 MP: 3/3
   841 | D:3      | Reached XP level 4. HP: 6/29 MP: 4/4
   870 | D:2      | HP: 1/29 [gnoll/+0 club (6)]
   871 | D:2      | Slain by a gnoll

Illustrated notes

Levels and vault maps discovered:
D:1:      tarquinn_simple_flora_water_e, layout_basic,
          chequers_ecumenical_altar_twisty
D:2:      layout_rooms
D:3:      cheibrodos_fertilizer, layout_basic, serial_shops,
          nicolae_shop_statue_plus, st_stairs_14

Skill      XL: |  1  2  3  4 |
---------------+-------------+-----
Axes           | 2 3 |  3.1
Shields        | 4 |  4.0
Fighting       | 4 |  4.0
Armour         | |  3.2

Action                   |  1- 3 |  4- 6 || total
-------------------------+-------+-------++-------
Melee: War axe           |    54 |     4 ||    58
Armor: Scale mail        |    27 |     2 ||    29
Dodge: Dodged            |    32 |     1 ||    33
Block: Buckler           |     9 |     1 ||    10
